 Dungeon Crawl Stone Soup version 0.21.1-1-g345015f (webtiles) character file.

1202 nicolaieve the Cleaver (level 8, -1/64 HPs)
             Began as a Minotaur Berserker on July 19, 2018.
             Was a Priest of Trog.
             Killed by divine providence
             ... invoked by an orc priest
              (12 damage)
             ... on level 5 of the Dungeon.
             The game lasted 00:11:58 (3005 turns).

nicolaieve the Cleaver (Minotaur Berserker)         Turns: 3005, Time: 00:11:59

Health: -1/64      AC:  8    Str: 23    XL:     8   Next: 21%
Magic:  7/7        EV: 10    Int:  4    God:    Trog [***...]
Gold:   171        SH:  0    Dex: 11    Spells: 7/7 levels left

rFire    . . .     SeeInvis .   u - +0 war axe (chop)
rCold    . . .     Gourm    .   (no shield)
rNeg     . . .     Faith    .   g - +0 scale mail
rPois    .         Spirit   .   (helmet restricted)
rElec    .         Reflect  .   j - +0 cloak
rCorr    .         Harm     .   i - +0 pair of gloves
MR       .....                  (no boots)
Stlth    ..........             (no amulet)
HPRegen  0.20/turn              (no ring)
MPRegen  0.10/turn              (no ring)

@: no status effects
A: retaliatory headbutt, horns 2
a: Berserk, Trog's Hand, Burn Spellbooks, Renounce Religion


You were on level 5 of the Dungeon.
You worshipped Trog.
Trog was most pleased with you.
You were not hungry.

You visited 1 branch of the dungeon, and saw 5 of its levels.

You collected 171 gold pieces.

Inventory:

Hand Weapons
 q - a +1 whip of flaming
 u - a +0 war axe of chopping (weapon)
 v - a +1 hand axe of freezing
Armour
 g - a +0 scale mail (worn)
 i - a +0 pair of gloves (worn)
 j - a +0 cloak (worn)
Jewellery
 a - an uncursed amulet of the gourmand {unknown}
Wands
 s - a wand of enslavement (13)
Scrolls
 b - 3 scrolls of enchant armour {unknown}
 e - 3 scrolls of remove curse {unknown}
 f - 4 scrolls of identify {unknown}
 h - 5 scrolls of teleportation {unknown}
 l - 3 scrolls of amnesia {unknown}
 m - 3 scrolls of blinking {unknown}
 n - a scroll of enchant weapon {unknown}
 o - 3 scrolls of magic mapping {unknown}
 t - a scroll of fog {unknown}
Potions
 d - a potion of flight {unknown}
 k - a potion of ambrosia {unknown}
 p - a potion of curing {unknown}
 r - a potion of might {unknown}
 w - a potion of magic {unknown}
Comestibles
 c - 8 rations
 x - 5 chunks of flesh


   Skills:
 - Level 3.6 Fighting
 + Level 12.0 Axes
 - Level 2.4 Armour
 - Level 2.1 Dodging


You had 7 spell levels left.
You didn't know any spells.

Dungeon Overview and Level Annotations

Branches:
Dungeon (5/15)
 Temple: D:4-7

Altars:


Innate Abilities, Weirdness & Mutations

You reflexively headbutt those who attack you in melee.
You have a pair of horns on your head.


Message History

The ogre barely misses you.
You closely miss the ogre.
The ogre is severely wounded.
The ogre barely misses you.
Unknown command.
You slash the ogre!
You kill the ogre!
Trog accepts your kill.
Your Axes skill increases to level 12!
Things that are here:
a giant club; an ogre corpse You butcher the ogre corpse.
x - 5 chunks of flesh (gained 4)
Things that are here:
a giant club; an ogre skeleton An orc priest comes into view.
The orc priest shouts!
The orc priest calls down the wrath of Beogh upon you.
Beogh smites you!
You die...

#.#.#.# ###.#.#.######
###............##
..#.#....... ..#
#.#.###.#.####..#
#.#o............#
#.#.###.#.###...#
#.#.###.#.# #...#
#####..@......# #...#
#.............# #...#
#)#####.###.#.###...##
........# #.#
#........>.# #########
#.# ###.###.[.)###
#.#####.###...(...
#.............####
#......(.##+###
##<......#


You could see an orc priest.

Vanquished Creatures
  Pikel (D:4)
  The ghost of Kuinu the Cutter, an amateur KoSk (D:3)
  4 slaves (D:4)
  3 ogres
  4 orc priests
  2 hounds (D:4)
  An orc wizard (D:4)
  2 worker ants
  2 adders
  A howler monkey skeleton (D:5)
  An adder zombie (D:5)
  A worm (D:2)
  3 dart slugs
  4 leopard geckos
  14 orcs
  2 ball pythons
  5 bats
  4 giant cockroaches
  11 hobgoblins
  5 jackals
  7 kobolds
  4 frilled lizards
  7 goblins
  12 rats
101 creatures vanquished.

Notes
Turn   | Place    | Note
-------+----------+-------------------------------------------
     0 | D:1      | nicolaieve the Minotaur Berserker began the quest for the Orb.
     0 | D:1      | Reached XP level 1. HP: 19/19 MP: 0/0
    50 | D:1      | Reached skill level 4 in Axes
    88 | D:1      | Reached XP level 2. HP: 16/26 MP: 1/1
   443 | D:2      | Reached skill level 5 in Axes
   492 | D:2      | Reached ** piety under Trog
   533 | D:2      | Reached XP level 3. HP: 28/31 MP: 2/2
  1383 | D:3      | Reached skill level 6 in Axes
  1383 | D:3      | Reached XP level 4. HP: 21/39 MP: 3/3
  1723 | D:3      | Noticed Kuinu's ghost (amateur KoSk)
  1730 | D:3      | Killed Kuinu's ghost
  1730 | D:3      | Reached skill level 7 in Axes
  1730 | D:3      | Reached XP level 5. HP: 44/45 MP: 4/4
  1736 | D:3      | Reached *** piety under Trog
  1771 | D:3      | Reached skill level 8 in Axes
  1995 | D:4      | Noticed Pikel
  1995 | D:4      | Noticed a slave
  1995 | D:4      | Noticed a slave
  1995 | D:4      | Noticed a slave
  1996 | D:4      | Noticed a slave
  2005 | D:4      | Killed a slave
  2006 | D:4      | Killed a slave
  2012 | D:4      | Killed a slave
  2015 | D:4      | Killed a slave
  2021 | D:4      | Killed Pikel
  2021 | D:4      | Reached skill level 10 in Axes
  2021 | D:4      | Reached XP level 6. HP: 44/51 MP: 5/5
  2021 | D:4      | Reached XP level 7. HP: 49/57 MP: 6/6
  2349 | D:4      | Reached skill level 11 in Axes
  2645 | D:4      | Reached XP level 8. HP: 63/64 MP: 7/7
  2766 | D:5      | Entered Level 5 of the Dungeon
  2996 | D:5      | Reached skill level 12 in Axes
  3005 | D:5      | Killed from afar by an orc priest

Skill      XL: |  1  2  3  4  5  6  7  8 |
---------------+-------------------------+-----
Axes           | 4 5 6 7 10 11 12 | 12.0
Fighting       | |  3.6
Armour         | |  2.4
Dodging        | |  2.1

Action                   |  1- 3 |  4- 6 |  7- 9 || total
-------------------------+-------+-------+-------++-------
Melee: Hand axe          |    97 |    59 |    56 ||   212
       Headbutt          |    15 |    11 |    17 ||    43
       War axe           |       |       |    15 ||    15
Invok: Berserk           |     1 |     2 |       ||     3
  Eat: Chunk             |     2 |     3 |     4 ||     9
Armor: Scale mail        |    41 |    17 |    21 ||    79
       Animal skin       |     1 |       |       ||     1
Dodge: Dodged            |    61 |    27 |    32 ||   120
